 Dungeon Crawl Stone Soup version 0.26.0-7-g794d0892b4 (webtiles) character file.

Game seed: 11546841207237848607

272 jackrogers the Cleaver (level 6, -5/51 HPs)
             Began as a Hill Orc Chaos Knight on Jan 11, 2021.
             Was a Plaything of Xom.
             Slain by a fire bat (9 damage)
             ... on level 3 of the Dungeon.
             The game lasted 00:03:19 (2896 turns).

jackrogers the Cleaver (Hill Orc Chaos Knight)      Turns: 2896, Time: 00:03:21

Health: -5/51      AC:  5    Str: 17    XL:     6   Next: 23%
Magic:  6/6        EV: 11    Int: 12    God:    Xom [...*..]
Gold:   228        SH:  0    Dex: 10    Spells: 5/5 levels left

rFire    . . .     SeeInvis .   a - +1 hand axe (chaos)
rCold    . . .     Faith    .   (no shield)
rNeg     . . .     Spirit   .   b - +2 leather armour
rPois    .         Reflect  .   (no helmet)
rElec    .         Harm     .   (no cloak)
rCorr    .         Rampage  .   (no gloves)
Will     .....                  (no boots)
Stlth    +.........             (no amulet)
HPRegen  0.17/turn              (no ring)
MPRegen  0.10/turn              (no ring)

@: no status effects
A: no striking features
a: Renounce Religion


You were on level 3 of the Dungeon.
You worshipped Xom.
You were a favourite toy of Xom.
You visited 1 branch of the dungeon, and saw 3 of its levels.

You collected 228 gold pieces.

Inventory:

Hand Weapons
 a - a +1 hand axe of chaos (weapon)
 q - a +1 vorpal war axe
   (You took it off an orc on level 3 of the Dungeon)
Missiles
 d - 183 stones (quivered)
Armour
 b - a +2 leather armour (worn)
 h - a +0 pair of boots
   (You found it on level 1 of the Dungeon)
Jewellery
 j - a +6 ring of dexterity {unknown}
   (You found it on level 2 of the Dungeon)
Wands
 o - a wand of iceblast (5)
   (You found it on level 2 of the Dungeon)
Scrolls
 e - a scroll of teleportation
 l - 2 scrolls of fear
 m - a scroll of fog
 n - a scroll of enchant armour {unknown}
 r - a scroll of magic mapping {unknown}
Potions
 c - 5 potions of curing {unknown}
 f - a potion of heal wounds {unknown}
 g - a potion of mutation {unknown}
 i - 2 potions of magic {unknown}
 k - 2 potions of attraction {unknown}
 p - 2 potions of might {unknown}


   Skills:
 - Level 3.6 Fighting
 + Level 9.0 Axes
 - Level 2.1 Armour
 - Level 0.7 Dodging


You had 5 spell levels left.
You didn't know any spells.
Your spell library was empty.

Dungeon Overview and Level Annotations

Branches:
Dungeon (3/15)

Altars:
Fedhas
Hepliaklqana
Ru
Vehumet
Zin


Message History

An orc is nearby!
A kobold comes into view.
The kobold shouts!
The orc barely misses you.
You see here a sapphire potion.
You hit the orc. The orc hits you but does no damage.
You barely miss the orc. You hit the orc. You burn the orc.
You kill the orc!
You see here a +1 vorpal war axe.
q - a +1 vorpal war axe You barely miss the kobold.
The kobold barely misses you.
You barely miss the kobold. The kobold hits you but does no damage.
You hit the kobold.
You kill the kobold!
A worm is nearby!
The worm bites you!
You hit the worm.
The worm is poisoned.
You hit the worm. Lightning courses through the worm!!
You kill the worm!
You see here a worm corpse.
You start resting.
You are now a favourite toy of Xom.
You see here a worm corpse.
k - 2 sapphire potions (gained 1)
You open the door.
There is an open door here.
Found a sacrificial altar of Ru and a radiant altar of Vehumet.
Found a glowing silver altar of Zin.
Found a blossoming altar of Fedhas.
Found a hazy altar of Hepliaklqana.
There is an open door here.
You see here a worm corpse.
r - a scroll labelled GAIBRUMNIP You now have 212 gold pieces (gained 8).
You now have 228 gold pieces (gained 16).
Terence the Incautious comes into view.
He is wielding a +0 hand axe.
Terence shouts!
Terence drinks a potion.
Terence suddenly seems more resistant.
Terence hits you with a +0 hand axe.
You hit Terence but do no damage. Terence hits you with a +0 hand axe.
You hit Terence. You hit Terence. Terence hits you but does no damage.
You closely miss Terence. Terence hits you but does no damage.
You slash Terence! You freeze Terence. Terence hits you with a +0 hand axe.
You slash Terence!
You kill Terence!
Terence turns into a zombie!
Your Axes skill increases to level 9!
You swap places.
You swap places.
Terence crumbles into dust!
Things that are here:
a +0 hand axe; a +0 ring mail A bat comes into view.
The bat barely misses you. The bat hits you but does no damage.
A bat is nearby!
A bat is nearby!
A bat is nearby!
You barely miss the bat. The bat closely misses you.
The bat closely misses you.
You see here a quarterstaff.
You throw a stone.
The stone hits the bat but does no damage.
The bat hits you.
You throw a stone.
The stone hits the bat but does no damage.
You hear Xom's avuncular chuckle.
The bat evaporates and reforms as a fire bat!
The fire bat bites you but does no damage.
A fire bat is nearby!
A fire bat is nearby!
You throw a stone. The stone closely misses the fire bat.
Xom makes a sudden noise!
You hear a grinding noise.
The fire bat bites you.
You are engulfed in flames.
Okay, then.
The fire bat bites you.
You are engulfed in flames!
You closely miss the fire bat.
The fire bat bites you but does no damage.
The fire bat closely misses you. The fire bat bites you.
You are engulfed in flames!
You barely miss the fire bat.
The fire bat bites you but does no damage.
The fire bat bites you.
You are engulfed in flames.
You see here 3 stones.
The fire bat bites you but does no damage.
The fire bat bites you.
* * * LOW HITPOINT WARNING * * *
You are engulfed in flames!
* * * LOW HITPOINT WARNING * * *
You miss the fire bat. The fire bat barely misses you.
You hit the fire bat. The fire bat barely misses you.
Your leather armour prevents you from hitting the fire bat.
The fire bat closely misses you. The fire bat bites you.
* * * LOW HITPOINT WARNING * * *
You are engulfed in flames!
You die...
Xom chortles!

###########.#####.#
#.......).......#.#
#.#########.....#.# ##
#......##.#.#.# #.
#)#.....#.#.#.# #.
#.#.##..#.#.#.# #.
#(#.#...#...#.# #.
#.#.###.#####.# #.
#@#.#.........###.
###.b.#.#.#..######...
#_#.###.#.#..# #.#. ##.##
#.#....# #.#.
##...####.####†# #.#.
#..#..#........######.#.
#.###.#.................
##.###.#.........#####...
##..._#.##....##..#####...


You could see a fire bat.

Vanquished Creatures
  Grinder (D:3)
  Terence (D:3)
  An adder (D:2)
  5 worms
  2 leopard geckos
  An orc (D:3)
  3 giant cockroaches (D:1)
  4 hobgoblins
  3 jackals (D:1)
  A ball python (D:2)
  2 bats
  6 frilled lizards
  2 goblins (D:1)
  8 kobolds
  7 rats
47 creatures vanquished.

Notes
Turn   | Place    | Note
-------+----------+-------------------------------------------
     0 | D:1      | jackrogers the Hill Orc Chaos Knight began the quest for
                  | the Orb.
     0 | D:1      | Reached XP level 1. HP: 19/19 MP: 1/1
   189 | D:1      | XOM: divination: detect creatures
   246 | D:1      | Reached XP level 2. HP: 26/26 MP: 2/2
   312 | D:1      | Reached skill level 5 in Axes
   316 | D:1      | XOM: silly message
   358 | D:1      | XOM: divination: detect items
   606 | D:1      | XOM: 4-stop teleportation journey
   690 | D:1      | XOM: summons 2 hostile demons
   691 | D:1      | Noticed a crimson imp
   695 | D:1      | XOM: butterfly on damage
   850 | D:1      | XOM: 11-stop teleportation journey
  1062 | D:1      | Reached XP level 3. HP: 31/31 MP: 3/3
  1490 | D:2      | XOM: scenery: summon butterflies
  1506 | D:2      | Found a faded altar of an unknown god.
  1595 | D:2      | Reached skill level 6 in Axes
  1927 | D:2      | Reached XP level 4. HP: 39/39 MP: 4/4
  2032 | D:2      | XOM: divination: magic mapping
  2097 | D:3      | Noticed Grinder
  2109 | D:3      | HP: 6/39 [Grinder (4)]
  2112 | D:3      | Killed Grinder
  2113 | D:3      | Reached skill level 8 in Axes
  2113 | D:3      | Reached XP level 5. HP: 7/45 MP: 5/5
  2113 | D:3      | Reached XP level 6. HP: 8/51 MP: 6/6
  2750 | D:3      | Found a sacrificial altar of Ru.
  2750 | D:3      | Found a radiant altar of Vehumet.
  2756 | D:3      | Found a glowing silver altar of Zin.
  2758 | D:3      | Found a blossoming altar of Fedhas.
  2760 | D:3      | Found a hazy altar of Hepliaklqana.
  2816 | D:3      | Noticed Terence
  2825 | D:3      | Killed Terence
  2826 | D:3      | Reached skill level 9 in Axes
  2886 | D:3      | Noticed a fire bat
  2886 | D:3      | a bat changed into a fire bat
  2886 | D:3      | XOM: polymorph bat -> fire bat
  2887 | D:3      | XOM: noise
  2892 | D:3      | HP: 6/51 [fire bat (9)]
  2896 | D:3      | Slain by a fire bat

Illustrated notes

Levels and vault maps discovered:
D:1:      minmay_arrival_arboretum_small, layout_loops_ring
D:2:      layout_loops_ring, chequers_ecumenical_altar_simple,
          minmay_tetromino_s2
D:3:      layout_basic, chequers_temple_overflow_minitemple, uniq_grinder,
          uniq_ijyb, uniq_terence

Skill      XL: |  1  2  3  4  5  6 |
---------------+-------------------+-----
Axes           | 5 6 8 9 |  9.0
Fighting       | |  3.6
Armour         | |  2.1
Dodging        | |  0.7

Action                   |  1- 3 |  4- 6 || total
-------------------------+-------+-------++-------
Melee: Hand axe          |   111 |    34 ||   145
Throw: Stone             |    52 |     7 ||    59
  Use: Scroll            |     5 |     2 ||     7
 Stab: Sleeping          |     1 |       ||     1
       Paralysed         |       |     1 ||     1
Armor: Leather armour    |    23 |    10 ||    33
Dodge: Dodged            |    68 |    12 ||    80

Table legend: (Time is in decaauts)
 A = Elapsed time spent in this place.
 B = Non-inter-level travel time spent in this place.
 C = Inter-level travel time spent in this place.
 D = Time resting spent in this place.
 E = Time spent auto-exploring this place.
 F = Levels seen in this place.
 G = Mean time per level.
                   A        B        C        D        E       F      G
               +--------+--------+--------+--------+--------+-----+--------+
         Total |   2902 |   2856 |     46 |    553 |   1895 |   3 |  967.3 |
       Dungeon |   2902 |   2856 |     46 |    553 |   1895 |   3 |  967.3 |
               +--------+--------+--------+--------+--------+-----+--------+

Top non-repeatable levels by time:
     D:2: 1083 daAuts
     D:1: 991 daAuts
     D:3: 827 daAuts

Table legend:
 A = Kills in this place as a percentage of kills in entire the game.
 B = Kills by you in this place as a percentage of kills by you in the entire game.
 C = Kills by friends in this place as a percentage of kills by friends in the entire game.
 D = Other kills in this place as a percentage of other kills in the entire game.
 E = Experience gained in this place as a percentage of experience gained in the entire game.
 F = Experience gained in this place divided by the number of levels of this place that you have seen.
                   A       B       C       D       E      F
               +-------+-------+-------+-------+-------+----------------------
         Total | 100.0 | 100.0 |   N/A |   N/A | 100.0 | 129.7
       Dungeon | 100.0 | 100.0 |   N/A |   N/A | 100.0 | 129.7
               +-------+-------+-------+-------+-------+----------------------
